Map: Dusk Towers

Players

Miszu

  • Race: Terran Terran
  • League: Master

Healer - Winner!

  • Race: Terran Terran
  • League: Master

VOD

Have the link to the VOD?

Description

Time

  • Played on: March 30, 2016, 3:51 p.m.
  • Length: 13:22
Show
View Real Time Build Order
Export as new Build Order

Miszu Terran 

Build Orders: 1/1/1, Bio Tank, Banshee Rush 

Get SALT Encoding   

  12  0:00  SCV  
  13  0:12  SCV  
  14  0:17  Supply Depot  
  14  0:26  SCV  
  15  0:37  Refinery  
  15  0:39  SCV  
  16  0:44  Barracks  
  16  0:51  SCV  
  17  1:03  SCV  
  18  1:08  Refinery  
  18  1:15  SCV  
  19  1:31  Orbital Command  
  19  1:35  Supply Depot  
  19  1:36  Factory  
  19  1:45  Reaper  
  20  1:57  SCV  
  21  2:09  SCV  
  22  2:18  Supply Depot, Reaper  
  22  2:20  Hellion  
  22  2:21  Starport  
  25  2:23  SCV  
  26  2:36  SCV  
  27  2:42  Hellion  
  29  2:47  Supply Depot  
  29  2:48  SCV  
  30  2:51  Barracks Tech Lab  
  30  3:00  SCV  
  30  3:03  Hellion  
  33  3:12  SCV  
  34  3:16  Cloaking Field  
  34  3:17  Banshee  
  37  3:24  SCV  
  38  3:36  SCV  
  38  3:46  Command Center  
  38  3:48  Barracks Reactor, Factory Tech Lab  
  38  3:57  SCV  
  38  3:59  Banshee  
  42  4:08  Command Center  
  42  4:10  SCV  
  43  4:28  SCV  
  43  4:31  Barracks  
  44  4:32  Barracks  
  44  4:40  SCV  
  43  4:52  SCV  
  43  4:59  Orbital Command  
  43  5:04  Starport Reactor, Factory Tech Lab  
  43  5:05  SCV  
  43  5:16  Marine x2  
  43  5:17  SCV  
  43  5:21  Orbital Command  
  46  5:25  SCV  
  46  5:28  Stimpack  
  47  5:29  SCV  
  47  5:32  Marine x2  
  47  5:34  Marine  
  47  5:35  Siege Tank  
  54  5:40  SCV  
  54  5:41  SCV  
  56  5:43  Refinery  
  56  5:44  Refinery  
  56  5:46  Engineering Bay  
  56  5:47  SCV  
  56  5:48  Engineering Bay  
  57  5:52  SCV  
  57  5:53  SCV  
  57  5:56  Marine x2  
  61  5:57  Marine  
  61  6:01  Marine, Combat Shields  
  63  6:04  SCV  
  63  6:05  Orbital Command  
  63  6:06  SCV  
  63  6:11  Supply Depot  
  65  6:14  Marine x2  
  65  6:16  SCV  
  65  6:17  Terran Infantry Weapons Level 1, Terran Infantry Armor Level 1  
  65  6:18  Marine x2  
  69  6:20  Medivac, Siege Tank  
  69  6:24  Medivac  
  77  6:31  Supply Depot  
  77  6:32  SCV x2  
  77  6:34  SCV  
  77  6:35  Supply Depot  
  77  6:38  Marine x4  
  82  6:44  SCV x2  
  82  6:46  SCV  
  82  6:51  Barracks  
  82  6:52  Barracks  
  82  6:55  Marine  
  82  6:56  Marine, SCV x2  
  82  7:00  Marine  
  87  7:01  Marine, Medivac  
  87  7:02  Medivac, SCV  
  87  7:07  Supply Depot  
  93  7:09  Supply Depot  
  93  7:13  Marine x2  
  93  7:14  Siege Tank  
  98  7:15  SCV  
  98  7:16  SCV  
  98  7:19  Armory  
  98  7:20  SCV  
  101  7:27  Refinery  
  101  7:28  Marine  
  101  7:29  SCV  
  103  7:30  SCV  
  103  7:31  Factory  
  103  7:32  SCV  
  105  7:39  Marine x3  
  105  7:41  Barracks Reactor x2, SCV  
  109  7:46  Marine  
  100  7:57  Marine x3  
  103  8:00  Siege Tank  
  103  8:01  Medivac  
  103  8:02  Medivac  
  103  8:04  Marine  
  103  8:05  Refinery, SCV  
  111  8:06  SCV  
  111  8:10  Supply Depot  
  111  8:11  Supply Depot, SCV  
  114  8:15  Marine x3  
  114  8:18  SCV x2  
  117  8:20  Terran Infantry Armor Level 2  
  117  8:21  Terran Infantry Weapons Level 2  
  117  8:22  Marine  
  117  8:23  SCV  
  117  8:30  Missile Turret x2  
  117  8:31  SCV  
  117  8:32  Marine  
  117  8:33  Missile Turret  
  119  8:37  Sensor Tower, Terran Vehicle Weapons Level 1  
  119  8:38  Missile Turret  
  119  8:40  Marine x4  
  123  8:44  Factory Tech Lab  
  123  8:47  Marine x2, Siege Tank  
  128  8:48  Medivac  
  130  8:55  SCV  
  130  8:56  SCV x2  
  130  8:58  Supply Depot x2  
  130  8:59  Supply Depot  
  133  9:14  Supply Depot  
  133  9:20  Supply Depot, Medivac x2, Siege Tank x2  
  142  9:25  Marine  
  142  9:26  Marine x4  
  142  9:31  Marine x2, Missile Turret x2  
  147  9:32  Marine  
  147  9:35  Supply Depot  
  147  9:37  Supply Depot  
  150  9:43  Marine  
  150  9:44  Marine x4  
  155  9:49  Marine x2  
  155  9:50  Supply Depot, Medivac x2  
  155  9:51  Supply Depot  
  161  9:59  Command Center  
  160  10:02  Marine x4  
  160  10:03  Siege Tank x2  
  170  10:09  Marine  
  170  10:13  Marine x2  
  173  10:14  Marine  
  173  10:20  Marine, Medivac  
  177  10:23  Barracks  
  177  10:24  Barracks  
  177  10:35  Siege Tank  
  180  10:41  Marine x4  
  180  10:42  Marine x4, Siege Tank  
  188  10:48  Medivac  
  190  10:59  Marine  
  190  11:00  Marine  
  190  11:01  Marine x5  
  197  11:07  Siege Tank  
  200  11:13  Barracks Reactor x2  
  170  11:33  Marine x2  
  170  11:34  Marine  
  170  11:35  Marine x2  
  170  11:36  Marine  
  166  11:50  Marine  
  166  11:52  Marine  
  166  11:53  Marine x2  
  131  12:10  Siege Tank  
  131  12:11  Barracks Reactor, Marine x2  
  131  12:12  Starport Reactor  
  128  12:29  Marine x2  
  126  12:42  Barracks  
  126  12:43  Barracks  
  126  12:44  Barracks  
  126  12:45  Barracks  
  126  12:47  Marine x2  
  126  12:50  Siege Tank x2  
Show
View Real Time Build Order
Export as new Build Order

Healer Terran - Winner!

Build Orders: Reaper Expand, Bio Tank 

Get SALT Encoding   

  12  0:00  SCV  
  13  0:12  SCV  
  14  0:17  Supply Depot  
  14  0:25  SCV  
  15  0:38  SCV  
  15  0:40  Barracks  
  16  0:44  Refinery  
  16  0:50  SCV  
  17  1:03  SCV  
  18  1:15  SCV  
  19  1:27  Orbital Command  
  19  1:28  Reaper  
  20  1:43  Command Center  
  20  1:53  SCV  
  21  1:56  Refinery  
  21  2:04  Factory  
  21  2:09  Supply Depot  
  21  2:11  SCV  
  22  2:17  Marine  
  23  2:31  SCV  
  23  2:34  Marine  
  25  2:43  SCV  
  26  2:48  Starport, Factory Tech Lab  
  26  2:52  Marine  
  26  2:55  SCV, Orbital Command  
  28  3:06  Cyclone  
  28  3:07  SCV  
  28  3:10  Marine  
  33  3:19  SCV  
  33  3:27  Viking  
  33  3:28  Marine  
  33  3:33  SCV  
  35  3:45  SCV  
  35  3:46  Marine  
  39  3:50  SCV  
  38  3:57  SCV  
  38  4:02  SCV  
  40  4:03  Marine, Raven  
  40  4:04  Engineering Bay, Factory Tech Lab  
  40  4:09  SCV  
  44  4:14  SCV  
  45  4:21  SCV  
  46  4:25  Supply Depot  
  46  4:26  Supply Depot  
  46  4:32  Barracks Reactor  
  46  4:42  SCV  
  46  4:46  Viking, Siege Tank, SCV  
  52  4:54  SCV  
  52  4:58  SCV  
  53  5:06  SCV, Missile Turret  
  54  5:11  SCV  
  54  5:13  Command Center  
  55  5:15  Missile Turret  
  55  5:18  SCV  
  59  5:23  SCV  
  59  5:26  Refinery  
  59  5:28  Refinery  
  60  5:30  SCV  
  60  5:32  Marine  
  60  5:33  Stimpack  
  62  5:46  Supply Depot, SCV x2  
  62  5:48  Supply Depot  
  61  5:54  Marine  
  62  6:07  Viking  
  62  6:08  Siege Tank, SCV x2  
  62  6:10  Viking  
  71  6:11  Marine  
  72  6:18  Barracks  
  72  6:20  SCV x2  
  74  6:26  Barracks x2, Orbital Command  
  74  6:27  Barracks  
  74  6:32  SCV x2  
  76  6:42  Medivac x2  
  76  6:44  SCV x2  
  82  6:52  Orbital Command  
  82  6:53  Terran Infantry Weapons Level 1  
  82  6:55  Engineering Bay  
  82  6:56  SCV x2  
  84  7:06  Supply Depot  
  84  7:07  Barracks Reactor  
  84  7:08  Supply Depot, SCV x2  
  86  7:17  Barracks Reactor x3  
  86  7:18  Siege Tank  
  86  7:20  SCV x2  
  91  7:25  Medivac  
  91  7:28  Medivac, SCV  
  96  7:32  SCV x2  
  96  7:33  Supply Depot, Terran Infantry Armor Level 1  
  98  7:37  Marine  
  99  7:44  SCV x2  
  99  7:49  Marine x2  
  100  7:55  Marine, Medivac, Siege Tank, SCV  
  100  7:56  Supply Depot, SCV x2  
  100  7:58  Supply Depot, Medivac  
  111  8:04  Supply Depot  
  111  8:05  Combat Shields  
  111  8:06  Marine x4  
  111  8:07  Marine x2  
  111  8:10  Supply Depot  
  117  8:17  Marine x3, SCV  
  121  8:20  Missile Turret  
  121  8:21  Missile Turret  
  121  8:23  Supply Depot, Refinery  
  121  8:24  Refinery, Marine x6  
  121  8:25  Missile Turret  
  121  8:27  Siege Tank  
  130  8:28  Supply Depot  
  130  8:29  SCV  
  130  8:32  Supply Depot  
  131  8:35  Marine x3, Armory  
  134  8:42  Marine x3, Sensor Tower  
  134  8:45  SCV x2  
  134  8:48  Sensor Tower  
  139  8:51  Supply Depot, Marine x3  
  139  8:52  Supply Depot, Marine  
  139  8:53  Medivac  
  145  8:56  Marine  
  145  9:01  Marine  
  147  9:08  Marine x2  
  149  9:11  Marauder  
  149  9:12  Marine x3  
  149  9:13  Siege Tank  
  157  9:20  Missile Turret  
  157  9:22  Factory  
  157  9:24  Barracks  
  157  9:27  Barracks  
  157  9:30  Barracks, Terran Infantry Weapons Level 2  
  157  9:31  Terran Infantry Armor Level 2  
  157  9:33  Terran Vehicle Weapons Level 1  
  157  9:36  Marine x3  
  160  9:42  Marine x4  
  160  9:43  Marine x2  
  166  9:53  Marine, Siege Tank  
  166  9:54  Marine x2  
  166  9:59  Marine x2  
  172  10:00  Marine x2  
  172  10:01  Marine  
  172  10:03  Medivac  
  172  10:04  Medivac  
  181  10:14  Supply Depot x2  
  181  10:18  Barracks Reactor, Marine x5  
  186  10:29  Marine x3  
  186  10:32  Barracks Reactor  
  186  10:34  Medivac  
  171  10:35  Marine  
  171  10:36  Marine x3  
  171  10:42  Marine  
  171  10:44  Siege Tank  
  171  10:46  Barracks Reactor x2, Marine  
  171  10:47  Marine  
  175  10:51  Command Center  
  175  11:01  Marine x2  
  175  11:02  Marine x4  
  175  11:04  Siege Tank  
  184  11:05  Marine x2  
  184  11:06  Marine  
  184  11:09  Marine  
  184  11:10  Marine x2  
  190  11:11  Medivac  
  190  11:12  Medivac  
  190  11:16  Siege Tank  
  197  11:19  Marine x2  
  193  11:26  Marine x8  
  193  11:29  Marine x2  
  145  11:36  Siege Tank  
  145  11:38  Marine x4  
  148  11:45  Marine  
  148  11:46  Marine x2  
  147  11:52  Marine x4  
  147  11:53  Marine x2  
  147  11:54  Viking x2  
  149  12:00  Orbital Command  
  144  12:12  Marine x3  
  144  12:13  Marine x2  
  144  12:14  Marine x3, Siege Tank  
  151  12:22  Marine x3  
  154  12:24  Marine x3  
  157  12:36  Marine x4  
  160  12:37  Siege Tank  
  160  12:44  Orbital Command  
Tags
 
Add a new tag
Caveats
  • Supply blocks, unpowered buildings, or Contaminate may cause inaccurate times.
  • Supply counts are checked every 10 seconds.